 Dungeon Crawl Stone Soup version 0.29-a0-284-gf9362112df (webtiles) character file.

Game seed: 11580626965719112913

64 sammy202020 the Skirmisher (level 4, -1/43 HPs)
             Began as a Gargoyle Berserker on Mar 21, 2022.
             Was a Believer of Trog.
             Slain by an ogre
             ... wielding a +0 giant club
              (15 damage)
             ... on level 2 of the Dungeon.
             The game lasted 00:03:08 (2023 turns).

sammy202020 the Skirmisher (Gargoyle Berserker)     Turns: 2023, Time: 00:03:09

Health: -1/43      AC: 10    Str: 20    XL:     4   Next: 12%
Magic:  4/4        EV: 10    Int: 10    God:    Trog [**....]
Gold:   191        SH:  0    Dex:  9    Spells: 3/3 levels left

rFire   . . .      SeeInvis +   a - +0 mace
rCold   . . .      Faith    .   (no shield)
rNeg    + . .      Spirit   .   e - +0 scale mail
rPois   ∞          Reflect  .   (no helmet)
rElec   +          Harm     .   (no cloak)
rCorr   .          Rampage  .   (no gloves)
Will    .....                   (no boots)
Stlth   ..........              k - amulet of regeneration
HPRegen 0.94/turn               h - ring of see invisible
MPRegen 0.09/turn               (no ring)

@: berserking, very quick
A: sickness immunity, AC +3, negative energy resistance 1, electricity
resistance, torment resistance 1, petrification resistance
a: Renounce Religion, Berserk, Trog's Hand


You were on level 2 of the Dungeon.
You worshipped Trog.
Trog was pleased with you.
You visited 1 branch of the dungeon, and saw 2 of its levels.

You collected 191 gold pieces.

Inventory:

Hand Weapons
 a - a +0 mace (weapon)
Missiles
 j - 6 poisoned darts (quivered)
Armour
 e - a +0 scale mail (worn)
Jewellery
 h - a ring of see invisible (left hand)
 k - an amulet of regeneration (around neck)
 l - an amulet of reflection
Scrolls
 c - 2 scrolls of amnesia {unknown}
 d - 2 scrolls of identify {unknown}
 f - 3 scrolls of teleportation {unknown}
 i - a scroll of noise {unknown}
 m - a scroll of brand weapon {unknown}
Potions
 b - a potion of berserk rage {unknown}
 g - a potion of curing {unknown}


   Skills:
 * Level 3.9 Fighting
 * Level 3.6 Maces & Flails
 * Level 3.0 Armour
 + Level 2.0 Dodging


You had 3 spell levels left.
You didn't know any spells.
Your spell library was empty.

Dungeon Overview and Level Annotations

Branches:
Dungeon (2/15)

Altars:


Innate Abilities, Weirdness & Mutations

You are immune to sickness and miasma.
Your stone body is resilient. (AC +3)
You are immune to poison.
You resist negative energy. (rN+)
You are resistant to electric shocks. (rElec)
You are resistant to unholy torment.
You are immune to petrification.


Message History

You hit the kobold.
You kill the kobold!
Trog accepts your kill.
No target in view!
No target in view!
No target in view!
No target in view!
No target in view!
No target in view!
No target in view!
No target in view!
No target in view!
No target in view!
No target in view!
Things that are here:
a +0 short sword; a kobold corpse An ogre comes into view.
It is wielding a +0 giant club.
The ogre barely misses you.
You sock the ogre!
The ogre is moderately wounded.
The ogre hits you with a +0 giant club!!
Ouch! That really hurt!
You are too injured to fight recklessly!
You are too injured to fight recklessly!
A red film seems to cover your vision as you go berserk!
You feel yourself moving faster!
You feel mighty!
You hit the ogre.
The ogre is heavily wounded.
The ogre barely misses you.
You barely miss the ogre. Your punch misses the ogre.
The ogre is heavily wounded.
You sock the ogre!
The ogre is almost dead.
The ogre hits you with a +0 giant club.
You barely miss the ogre.
The ogre is almost dead.
You barely miss the ogre.
The ogre is almost dead.
The ogre hits you with a +0 giant club!
You die...

.... ......... ######
....... .#####.....
........ ........### ..
....###.#####...## ..
...... .......... #. #...#
###.###..# #. #.O.♣
♣.♣.♣..# #. #@.♣ .♣...♣.#
###.##.##.♣.♣.♣ ♣.♣.♣.♣.♣.
.............♣ ..♣[..♣....
###.###.#.♣.♣.♣.♣.♣.♣.♣.♣.
###+###.#..♣...♣...♣...♣.#
#......)##♣.♣.♣.♣.♣.♣.♣.♣.
#............♣...♣...♣...#
#.......##♣.♣.♣.♣.♣.♣.♣.♣#
#..........♣...♣...♣...♣.#


You could see an ogre.

Vanquished Creatures
  3 adders (D:2)
  A worm (D:2)
  A dart slug (D:2)
  7 endoplasms
  2 goblins (D:1)
  A hobgoblin (D:1)
  2 quokkas (D:1)
  3 ball pythons
  3 bats
  2 frilled lizards (D:1)
  6 kobolds
  4 rats
35 creatures vanquished.

Notes
Turn   | Place    | Note
-------+----------+-------------------------------------------
     0 | D:1      | sammy202020 the Gargoyle Berserker began the quest for the
                  | Orb.
     0 | D:1      | Reached XP level 1. HP: 14/14 MP: 1/1
   554 | D:1      | Reached XP level 2. HP: 19/19 MP: 2/2
  1020 | D:1      | Reached ** piety under Trog
  1448 | D:2      | Reached XP level 3. HP: 24/24 MP: 3/3
  1799 | D:2      | Reached XP level 4. HP: 23/29 MP: 4/4
  2014 | D:2      | Noticed an ogre
  2023 | D:2      | Slain by an ogre

Illustrated notes

Levels and vault maps discovered:
D:1:      dpeg_arrival_boxes_within_box, layout_basic, serial_corexii_hall,
          corexii_hall_statues_x, corexii_hall_statues_t, minmay_tall_x
D:2:      layout_basic, chequers_ecumenical_altar_twisty, kennysheep_crisscross

Skill      XL: |  1  2  3 |
---------------+----------+-----
Dodging        | 2 |  2.0
Armour         | 3 |  3.0
Fighting       | |  3.9
Maces & Flails | |  3.6

Action                   |  1- 3 |  4- 6 || total
-------------------------+-------+-------++-------
Melee: Mace              |   110 |    15 ||   125
       Punch             |     1 |       ||     1
Invok: Berserk           |       |     1 ||     1
Armor: Scale mail        |    44 |     6 ||    50
Dodge: Dodged            |    74 |     7 ||    81

Table legend: (Time is in decaauts)
 A = Elapsed time spent in this place.
 B = Non-inter-level travel time spent in this place.
 C = Inter-level travel time spent in this place.
 D = Time resting spent in this place.
 E = Time spent auto-exploring this place.
 F = Levels seen in this place.
 G = Mean time per level.
                   A        B        C        D        E       F      G
               +--------+--------+--------+--------+--------+-----+--------+
         Total |   2049 |   2049 |      0 |      0 |   1656 |   2 | 1024.5 |
       Dungeon |   2049 |   2049 |      0 |      0 |   1656 |   2 | 1024.5 |
               +--------+--------+--------+--------+--------+-----+--------+

Top non-repeatable levels by time:
     D:1: 1383 daAuts
     D:2: 665 daAuts
